 Dungeon Crawl Stone Soup version 0.31-a0-259-g771a54ca4b (webtiles) character file.

Game seed: 2762160194533814472

118 qw the Shooter (level 4, -1/36 HPs)
             Began as a Minotaur Hexslinger on July 13, 2023.
             Slain by an orc
             ... wielding a +0 hand axe
              (5 damage)
             ... on level 3 of the Dungeon.
             The game lasted 00:00:30 (1404 turns).

qw the Shooter (Minotaur Hexslinger)                Turns: 1404, Time: 00:00:31

Health: -1/36      AC:  5    Str: 12    XL:     4   Next: 72%
Magic:  4/4        EV: 11    Int: 10    God:
Gold:   69         SH:  0    Dex: 15    Spells: 4/5 levels left

rFire   . . .        Y - +1 sling
rCold   . . .        (no shield)
rNeg    . . .        d - +0 ring mail
rPois   .            (helmet restricted)
rElec   .            (no cloak)
rCorr   .            (no gloves)
SInv    .            (no boots)
Will    .....        (no amulet)
Stlth   +            (no ring)
HPRegen 0.26/turn    (no ring)
MPRegen 0.09/turn

%: no passive effects
@: lethally poisoned (-1 -> -4)
A: horns 2, retaliatory headbutt
a: no special abilities


You were on level 3 of the Dungeon.
You visited 1 branch of the dungeon, and saw 3 of its levels.

You collected 69 gold pieces.


Innate Abilities, Weirdness & Mutations

You have a pair of horns on your head.
You reflexively headbutt those who attack you in melee.


   Skills:
 + Level 2.0 Fighting
 - Level 5.1 Ranged Weapons
 - Level 1.1 Armour
 - Level 2.1 Dodging
 - Level 1.0 Spellcasting
 - Level 2.0 Hexes


You had 4 spell levels left.
You knew the following spells:

 Your Spells              Type           Power      Damage    Failure   Level
a - Slow                  Hex            16%        N/A       34%         1

Your spell library contained the following spells:

 Spells                   Type           Power      Damage    Failure   Level
 Inner Flame              Hex/Fire       2%         N/A       83%         3
 Portal Projectile        Hex/Tloc       4%         N/A       83%         3
 Cause Fear               Hex            2%         N/A       98%         4

Inventory:

Hand Weapons
 Y - a +1 sling (weapon)
Armour
 d - a +0 ring mail (worn)
Scrolls
 a - 3 scrolls of enchant armour
 c - 2 scrolls of identify
 e - a scroll of amnesia {unknown}
Potions
 f - a potion of might

Dungeon Overview and Level Annotations

Branches:
Dungeon (3/15)

Altars:


Message History

You shoot a sling bullet.
The sling bullet barely misses the scorpion.
You feel very sick. The orc hits you with a +0 hand axe.
The scorpion closely misses you. The orc closely misses you.
You shoot a sling bullet. The sling bullet hits the scorpion!
The scorpion is almost dead.
You feel sick. The scorpion barely misses you.
The orc hits you with a +0 hand axe. The orc closely misses you.
The scorpion stings you.
You are lethally poisoned!
The scorpion poisons you! The orc barely misses you. You furiously retaliate!
You headbutt the orc, but do no damage.
1400 ||| DRINKING potion of heal wounds.
You feel much better.
You feel very sick. The orc barely misses you. The scorpion barely misses you.
The orc hits you but does no damage.
You shoot a sling bullet. The sling bullet hits the scorpion.
The scorpion is almost dead.
You feel very sick.
The scorpion stings you but does no damage.
The orc hits you with a +0 hand axe. The scorpion misses you.
You shoot a sling bullet.
The sling bullet closely misses the scorpion.
The sling bullet hits the orc.
The orc is severely wounded.
You feel very sick. The orc closely misses you.
The scorpion closely misses you. The orc hits you with a +0 morningstar.
The orc hits you with a +0 hand axe.
You shoot a sling bullet. The sling bullet hits the scorpion.
You kill the scorpion!
You feel sick. The orc barely misses you. You furiously retaliate!
You headbutt the orc. The orc closely misses you.
Your Ranged Weapons skill increases to level 5!
You have reached level 4!
You feel agile.
You shoot a sling bullet. The sling bullet barely misses the orc.
You feel sick. The orc hits you but does no damage. The orc barely misses you.
The orc hits you with a +0 hand axe.
You die...

#~~~ ..# #~~~. #.#
#~~~.. #.###~~~.~.
....#~~...~ ##
#.#o'..~.~. ##.#
#.#oo...~.7
###...##.#@o..~.~.
.........'.#~~...~
##...##.#.# ~~.~.
##...#.### ~~..
#.....# ~~.
#...####### ~~
##........### ~
#..#####.#.# #...#
#.#.#


You could see 4 orcs.

Vanquished Creatures
  A scorpion (D:3)
  An adder (D:2)
  3 dart slugs
  4 endoplasms (D:2)
  2 giant cockroaches (D:1)
  5 goblins
  5 hobgoblins
  2 jackals (D:2)
  4 kobolds
  A quokka (D:2)
  3 ball pythons
  4 bats
  3 frilled lizards
  A rat (D:2)
39 creatures vanquished.

Notes
Turn   | Place    | Note
-------+----------+-------------------------------------------
     0 | D:1      | qw the Minotaur Hexslinger began the quest for the Orb.
     0 | D:1      | Reached XP level 1. HP: 16/16 MP: 1/1
     0 | D:1      | 0 ||| qw: Version: 0.3-a-52-g30416fa
     0 | D:1      | 0 ||| qw: Game counter: 6831
     0 | D:1      | 0 ||| qw: Melee chars always use a shield: true
     0 | D:1      | 0 ||| qw: God list: Okawaru
     0 | D:1      | 0 ||| qw: Allow faded altars: false
     0 | D:1      | 0 ||| qw: Do Orc after clearing Dungeon:15 true
     0 | D:1      | 0 ||| qw: Do second Lair branch before Depths: true
     0 | D:1      | 0 ||| qw: Lair rune preference: random
     0 | D:1      | 0 ||| qw: Goals: Normal
     0 | D:1      | 0 ||| PLANNING D:1-11
   126 | D:1      | Reached skill level 3 in Ranged Weapons
   126 | D:1      | Reached XP level 2. HP: 18/23 MP: 2/2
   798 | D:1      | 798 ||| UPGRADING to +0 ring mail.
   808 | D:1      | 808 ||| DROPPING +0 robe.
   809 | D:1      | 809 ||| READING 3 scrolls labelled YLOCAM VEDGHIY.
   810 | D:1      | 810 ||| DROPPING scroll of poison.
   940 | D:2      | Reached XP level 3. HP: 29/29 MP: 3/3
  1008 | D:2      | Reached skill level 4 in Ranged Weapons
  1225 | D:2      | Reached skill level 1 in Armour
  1297 | D:2      | 1297 ||| READING 5 scrolls labelled WADUPN WOET.
  1298 | D:2      | 1298 ||| READING 4 scrolls of identify.
  1298 | D:2      | 1298 ||| IDENTIFYING ruby potion
  1299 | D:2      | 1299 ||| READING 3 scrolls of identify.
  1299 | D:2      | 1299 ||| IDENTIFYING green potion
  1393 | D:3      | Noticed a scorpion
  1399 | D:3      | HP: 7/29 [orc/+0 hand axe (3)]
  1400 | D:3      | 1400 ||| DRINKING potion of heal wounds.
  1403 | D:3      | Killed a scorpion
  1404 | D:3      | Reached skill level 5 in Ranged Weapons
  1404 | D:3      | Reached XP level 4. HP: 5/36 MP: 4/4
  1404 | D:3      | HP: 4/36 [poisoned by a scorpion]
  1404 | D:3      | Slain by an orc

Levels and vault maps discovered:
D:1:      dpeg_chamrin_arrival_tetris, layout_basic
D:2:      layout_basic, fountainhead
D:3:      layout_loops_corners, grunt_ministairs_11, kennysheep_cluttered_room

Skill      XL: |  1  2  3 |
---------------+----------+-----
Ranged Weapons | 3 5 |  5.1
Fighting       | 2 |  2.0
Armour         | 1 |  1.1
Dodging        | |  2.1
Spellcasting   | |  1.0
Hexes          | |  2.0

Action                     |  1- 3 |  4- 6 || total
---------------------------+-------+-------++-------
   Fire: Sling             |   123 |     1 ||   124
    Use: Scroll            |     4 |       ||     4
         Potion            |     1 |       ||     1
 Armour: Ring mail         |    11 |     1 ||    12
  Dodge: Dodged            |    35 |     1 ||    36

Table legend:
 A = Non-vault XP
 B = Vault XP
 C = Vault XP percentage of total XP
 D = Non-vault monster count
 E = Vault monster count
 F = Vault count percentage of total count
                 A         B        C        D         E       F
            +---------+---------+-------+---------+---------+-------
      Total |     169 |       0 |   0.0 |      39 |       0 |   0.0
            +---------+---------+-------+---------+---------+-------
        D:1 |      34 |       0 |   0.0 |      18 |       0 |   0.0
        D:2 |      48 |       0 |   0.0 |      20 |       0 |   0.0
        D:3 |      87 |       0 |   0.0 |       1 |       0 |   0.0
            +---------+---------+-------+---------+---------+-------
